 Dungeon Crawl Stone Soup version 0.29.0 (webtiles) character file.

Game seed: 4523957998215933581

689 Orban the Trooper (level 7, -15/63 HPs)
             Began as a Minotaur Monk on Sept 1, 2022.
             Was an Initiate of Gozag.
             Demolished by an ogre
             ... wielding a +0 giant club
              (20 damage)
             ... on level 5 of the Dungeon.
             The game lasted 00:09:13 (5302 turns).

Orban the Trooper (Minotaur Monk)                   Turns: 5302, Time: 00:09:14

Health: -15/63     AC:  6    Str: 21    XL:     7   Next: 36%
Magic:  6/6        EV: 13    Int:  7    God:    Gozag
Gold:   497        SH:  0    Dex: 15    Spells: 6/6 levels left

rFire   . . .      SeeInvis .   a - +0 mace
rCold   . . .      Faith    .   (no shield)
rNeg    . . .      Spirit   .   h - +1 ring mail
rPois   .          Reflect  .   (helmet restricted)
rElec   .          Harm     .   (no cloak)
rCorr   .          Rampage  .   (no gloves)
Will    .....                   (no boots)
Stlth   ++........              (no amulet)
HPRegen 0.20/turn               j - +6 ring of strength
MPRegen 0.10/turn               (no ring)

@: studying Armour
A: horns 2, retaliatory headbutt
a: Renounce Religion, Potion Petition, Call Merchant, Bribe Branch


You were on level 5 of the Dungeon.
You worshipped Gozag.
Gozag was aware of your devotion.
You visited 2 branches of the dungeon, and saw 7 of its levels.

You collected 497 gold pieces.

Inventory:

Hand Weapons
 a - a +0 mace (weapon)
Missiles
 y - a throwing net (quivered)
Armour
 b - a +0 robe
 h - a +1 ring mail (worn)
Magical Staves
 k - a staff of cold
Jewellery
 j - a +6 ring of strength (left hand)
 l - a ring of positive energy
 r - a +4 ring of evasion
Scrolls
 d - a scroll of magic mapping
 e - 5 scrolls of teleportation
 m - 2 scrolls of identify
 o - a scroll of poison {unknown}
 t - a scroll of fear {unknown}
 v - 3 scrolls of acquirement {unknown}
 x - a scroll of butterflies {unknown}
 z - a scroll of noise {unknown}
 A - a scroll of enchant weapon {unknown}
Potions
 c - a potion of berserk rage
 f - a potion of degeneration
 g - 2 potions of might {unknown}
 i - a potion of heal wounds {unknown}
 n - a potion of mutation {unknown}
 p - 2 potions of lignification {unknown}
 q - a potion of flight {unknown}
 s - a potion of brilliance {unknown}
 u - a potion of resistance {unknown}
 w - 3 potions of attraction {unknown}


   Skills:
 + Level 6.0 Fighting
 + Level 6.0 Maces & Flails
 + Level 5.4 Dodging
 + Level 4.0 Stealth


You had 6 spell levels left.
You didn't know any spells.
Your spell library contained the following spells:

 Spells                   Type           Power      Damage    Failure   Level
 Static Discharge         Conj/Air       0%         3-3/arc   75%         2
 Confusing Touch          Hex            0%         N/A       93%         3
 Dispel Undead            Necr           0%         3d6       100%        4
 Sticky Flame             Conj/Fire      0%         2d3       100%        4
 Yara's Violent Unravell  Hex/Tmut       0%         3d3       100%        5
 Enfeeble                 Hex            0%         N/A       100%        7


Dungeon Overview and Level Annotations

Branches:
Dungeon (6/15)             Temple (1/1) D:4

Altars:
Cheibriados
Dithmenos
Elyvilon
Fedhas
Gozag
Hepliaklqana
Kikubaaqudgha
Makhleb
Nemelex Xobeh
Okawaru
Qazlal
Ru
Sif Muna
Trog
Uskayaw
Vehumet
Wu Jian
Xom
Yredelemnul
Zin
The Shining One

Annotations:
D:5 2 transporters, MemoryOf3nth's ghost, amateur DjFi


Innate Abilities, Weirdness & Mutations

You have a pair of horns on your head.
You reflexively headbutt those who attack you in melee.


Message History

The vampire mosquito is almost destroyed.
The vampire mosquito closely misses you.
You furiously retaliate!
You headbutt the vampire mosquito.
You destroy the vampire mosquito!
Your Fighting skill increases to level 6!
Your Maces & Flails skill increases to level 6!
Your Stealth skill increases to level 4!
You now have 497 gold pieces (gained 5).
There are no items here.
You start resting.
HP restored.
There is a stone staircase leading down, spattered with blood here.
There are no items here.
You climb downwards.
The ogre completely misses you. You furiously retaliate!
You headbutt the ogre, but do no damage.
There is a stone staircase leading up, spattered with blood here.
You sock the ogre!
The ogre is moderately wounded.
The gnoll sergeant hits you from afar with a +0 spear.
The ogre hits you with a +0 giant club.
The gnoll sergeant hits you from afar with a +0 spear.
You completely miss the ogre.
The ogre is moderately wounded.
The gnoll sergeant hits you from afar with a +0 spear!
The ogre hits you with a +0 giant club!!
* * * LOW HITPOINT WARNING * * *
You sock the ogre!
The ogre is heavily wounded.
The gnoll sergeant hits you from afar with a +0 spear.
* * * LOW HITPOINT WARNING * * *
The ogre barely misses you.
The gnoll sergeant hits you from afar with a +0 spear.
* * * LOW HITPOINT WARNING * * *
You climb upwards.
Level annotation: 2 transporters, MemoryOf3nth's ghost, amateur DjFi
There is a stone staircase leading down, spattered with blood here.
The ogre attacks as you move away!
The ogre hits you with a +0 giant club!!
You die...
Your body crumbles into a pile of gold.

..#≈≈.......#......#....####....#
..#≈≈.......##..#.###...)#....#..
..#≈≈........#.#...##...)))..##..
###≈≈...............#...##...##..
≈≈≈≈≈...##...[......#..####......
≈≈≈≈≈.......[..........####.....#
..............>..........#......#
..##........)..O..##.###.......##
......##........@..#.###.......#<
...............#.......#.##......
.##...........##.........##......
.##......[....##..##.#...##......
.##......##...###.##.##.#####....
.........##.###.........<# #....
.##..................##..#####...
........<..#......#..........##..
..........##.......###...........


You could see an ogre.

Vanquished Creatures
  A vampire mosquito (D:5)
  A black bear (D:5)
  An ogre (D:6)
  A scorpion (D:4)
  2 hounds (D:4)
  2 iguanas (D:4)
  Natasha (D:3)
  Robin (D:2)
  4 gnolls (D:5)
  3 adders
  2 ufetubi
  2 worms (D:4)
  4 dart slugs
  An orc (D:4)
  7 ball pythons
  3 bats
  8 endoplasms
  3 giant cockroaches (D:1)
  7 hobgoblins
  5 jackals (D:4)
  4 kobolds
  4 quokkas
  2 frilled lizards (D:1)
  16 goblins
  4 rats
89 creatures vanquished.

Vanquished Creatures (others)
  6 plants (D:5)
6 creatures vanquished.

Grand Total: 95 creatures vanquished

Notes
Turn   | Place    | Note
-------+----------+-------------------------------------------
     0 | D:1      | Orban the Minotaur Monk began the quest for the Orb.
     0 | D:1      | Reached XP level 1. HP: 19/19 MP: 0/0
   198 | D:1      | Found a faded altar of an unknown god.
   355 | D:1      | Reached XP level 2. HP: 26/27 MP: 1/1
   994 | D:2      | Noticed Robin
  1011 | D:2      | Reached XP level 3. HP: 19/33 MP: 2/2
  1040 | D:2      | Killed Robin
  1863 | D:2      | Reached XP level 4. HP: 37/41 MP: 3/3
  2347 | D:3      | Found a hazy altar of Hepliaklqana.
  2348 | D:3      | Found an ornate altar of the Wu Jian Council.
  2351 | D:3      | Found a shimmering altar of Xom.
  2353 | D:3      | Found an opulent altar of Gozag.
  2392 | D:3      | Became a worshipper of Gozag Ym Sagoz the Greedy
  2442 | D:3      | Noticed Natasha
  2450 | D:3      | Killed Natasha
  3029 | D:4      | Found a staircase to the Ecumenical Temple.
  3284 | D:4      | Reached XP level 5. HP: 46/47 MP: 4/4
  3424 | D:4      | Reached skill level 5 in Fighting
  3479 | D:4      | Reached skill level 5 in Maces & Flails
  3510 | D:4      | HP: 1/48 [iguana (8)]
  3908 | D:4      | Reached XP level 6. HP: 46/56 MP: 5/5
  4186 | Temple   | Entered the Ecumenical Temple
  4450 | D:5      | Entered Level 5 of the Dungeon
  4490 | D:5      | Found a transporter.
  4515 | D:5      | Reached skill level 5 in Dodging
  4539 | D:5      | Noticed MemoryOf3nth's ghost (amateur DjFi)
  4606 | D:5      | Found a transporter.
  5064 | D:6      | Reached XP level 7. HP: 62/62 MP: 6/6
  5070 | D:6      | Noticed a vampire mosquito
  5089 | D:5      | Killed a vampire mosquito
  5302 | D:5      | Demolished by an ogre

Illustrated notes

Levels and vault maps discovered:
D:1:      zelgadis_glass_arrival_small, layout_loops_corners,
          hellmonk_ecumenical_altar_arch_garden
D:2:      layout_loops_corners, serial_park_tiny_2, uniq_robin
D:3:      layout_basic, grunt_temple_overflow_open, minmay_strange_pillars,
          uniq_natasha
D:4:      layout_loops_cross, minmay_temple_entry_junction
D:5:      layout_cave_pools, gammafunk_ghost_gnarly_gnolls
D:6:      cheibrodos_barr_body, layout_layer_cave, evilmike_ruin_ashenzari,
          minmay_manual_mess
Temple:   minmay_crystal_spiral_temple

Skill      XL: |  1  2  3  4  5  6  7 |
---------------+----------------------+-----
Fighting       | 4 5 6 |  6.0
Stealth        | 2 3 4 |  4.0
Maces & Flails | 4 5 6 |  6.0
Dodging        | 4 5 |  5.4

Action                   |  1- 3 |  4- 6 |  7- 9 || total
-------------------------+-------+-------+-------++-------
Melee: Mace              |    74 |   144 |    14 ||   232
       Headbutt          |    12 |    21 |     4 ||    37
       Punch             |       |     1 |       ||     1
  Use: Potion            |     1 |     1 |       ||     2
       Scroll            |       |     6 |       ||     6
 Stab: Sleeping          |     8 |     6 |       ||    14
Armor: Robe              |     7 |       |       ||     7
       Ring mail         |    30 |    47 |     8 ||    85
Dodge: Dodged            |    70 |   107 |    16 ||   193
